| TOP OF THE 1ST |
|
Minnesota Twins batting - Pitching for Texas Rangers : RHP Jake Koehler
|
|
Pitching: RHP Jake Koehler
|
|
|
Batting: RHB Yonetoshi Muranaka
|
0-0: Called Strike 0-1: Called Strike 0-2: Foul Ball, location: 2F 0-2: Foul Ball, location: 2F 0-2: Strikes out swinging
|
|
Batting: LHB Sadamu Noguchi
|
0-0: Ground out 4-3 (Groundball, 34D, EV 86.9 MPH)
|
|
Batting: LHB Joel Kunkler
|
0-0: Hit by Pitch
|
|
Batting: RHB Jesus Chavez
|
0-0: Ball 1-0: Ball 2-0: Called Strike 2-1: Swinging Strike 2-2: Strikes out swinging
|
| Top of the 1st over - 0 runs, 0 hits, 0 errors, 1 left on base; Minnesota 0 - Texas 0 |
| BOTTOM OF THE 1ST |
|
Texas Rangers batting - Pitching for Minnesota Twins : RHP Jesus Fernandez
|
|
Pitching: RHP Jesus Fernandez
|
|
|
Batting: LHB Da Vo
|
0-0: Called Strike 0-1: Ball 1-1: Ball 2-1: Ball 3-1: Swinging Strike 3-2: Base on Balls
|
|
Batting: RHB David Casas
|
0-0: Called Strike 0-1: Ball 1-1: Ball 2-1: Called Strike 2-2: Ball 3-2: Foul Ball, location: 2F 3-2: Foul Ball, location: 2F 3-2: Grounds into double play, 6-4-3 (Groundball, 6M, EV 85.0 MPH)
|
|
Batting: SHB Jun Tsuda
|
0-0: Called Strike 0-1: Ball 1-1: Foul Ball, location: 2F 1-2: Ground out 5-3 (Groundball, 56, EV 85.0 MPH)
|
| Bottom of the 1st over - 0 runs, 0 hits, 0 errors, 0 left on base; Minnesota 0 - Texas 0 |
| TOP OF THE 2ND |
|
Minnesota Twins batting - Pitching for Texas Rangers : RHP Jake Koehler
|
|
Batting: SHB Buster Hyman
|
0-0: Ball 1-0: Fly out, F8 (Flyball, 8LXD, EV 100.6 MPH)
|
|
Batting: RHB José Molina
|
0-0: Called Strike 0-1: Ball 1-1: Foul Ball, location: 2F 1-2: Ball 2-2: Foul Ball, location: 2F 2-2: Ball 3-2: SINGLE (Groundball, 25, EV 68.8 MPH) (infield hit)
|
|
Batting: RHB Väinö Tapaninen
|
0-0: DOUBLE (Line Drive, 89XD, EV 106.9 MPH) José Molina to third Runner from 3rd tries for Home, SAFE, no throw by RF
|
|
Batting: RHB Vinny Luna
|
0-0: Called Strike 0-1: Ball 1-1: Swinging Strike 1-2: Fly out, F9 (Flyball, 9D, EV 97.5 MPH) Runner from 2nd tags up, SAFE at 3rd, no throw by RF
|
|
Batting: RHB Josh Zoglmann
|
0-0: Swinging Strike 0-1: Ball 1-1: Fly out, F7 (Flyball, 7LM, EV 100.6 MPH)
|
| Top of the 2nd over - 1 run, 2 hits, 0 errors, 1 left on base; Minnesota 1 - Texas 0 |
| BOTTOM OF THE 2ND |
|
Texas Rangers batting - Pitching for Minnesota Twins : RHP Jesus Fernandez
|
|
Batting: SHB John Giesbrecht
|
0-0: Ball 1-0: Called Strike 1-1: Ball 2-1: DOUBLE (Line Drive, 8RXD, EV 104.4 MPH)
|
|
Batting: RHB Rich Stinson
|
0-0: Called Strike 0-1: Swinging Strike 0-2: Ball 1-2: Foul Ball, location: 2F 1-2: Strikes out swinging
|
|
Batting: RHB Bert Clark
|
0-0: Swinging Strike 0-1: SINGLE (Groundball, 6MS, EV 66.2 MPH) (infield hit) John Giesbrecht to third
|
|
Batting: SHB Vince Ealy
|
0-0: Ball 1-0: Fly out, F6 (Flyball, 56D, EV 86.2 MPH)
|
|
Batting: RHB Edwin Madrid
|
0-0: Called Strike 0-1: Ball 1-1: Fly out, F6 (Popup, P, EV 76.2 MPH)
|
| Bottom of the 2nd over - 0 runs, 2 hits, 0 errors, 2 left on base; Minnesota 1 - Texas 0 |
| TOP OF THE 3RD |
|
Minnesota Twins batting - Pitching for Texas Rangers : RHP Jake Koehler
|
|
Batting: RHB Yonetoshi Muranaka
|
0-0: SINGLE (Line Drive, 56D, EV 94.4 MPH)
|
|
Batting: LHB Sadamu Noguchi
|
0-0: Ball 1-0: Ball 2-0: Called Strike 2-1: Ball 3-1: Foul Ball, location: 2F 3-2: Foul Ball, location: 2F 3-2: Foul Ball, location: 2F 3-2: Foul Ball, location: 2F 3-2: Foul Ball, location: 2F 3-2: Foul Ball, location: 2F 3-2: Strikes out swinging
|
|
Batting: LHB Joel Kunkler
|
0-0: Called Strike 0-1: Swinging Strike 0-2: Hit by Pitch Yonetoshi Muranaka to second
|
|
Batting: RHB Jesus Chavez
|
0-0: SINGLE (Groundball, 5S, EV 66.2 MPH) (infield hit) Yonetoshi Muranaka to third Joel Kunkler to second
|
|
Batting: SHB Buster Hyman
|
0-0: Called Strike 0-1: Ground out 5-3 (Groundball, 56S, EV 75.0 MPH) Yonetoshi Muranaka scores Joel Kunkler to third Jesus Chavez to second
|
|
Batting: RHB José Molina
|
0-0: Swinging Strike 0-1: Ball 1-1: Ball Wild Pitch! Joel Kunkler scores Jesus Chavez to third 2-1: Ball 3-1: Base on Balls
|
|
Batting: RHB Väinö Tapaninen
|
0-0: Ball 1-0: Called Strike 1-1: SINGLE (Line Drive, 34D, EV 95.6 MPH) Jesus Chavez scores José Molina to second Runner from 2nd tries for 3rd, SAFE, throw by RF made to third
|
|
Batting: RHB Vinny Luna
|
0-0: Ball 1-0: SINGLE (Groundball, 34D, EV 109.4 MPH) José Molina scores Väinö Tapaninen to second Runner from 2nd tries for 3rd, SAFE, throw by RF made to third
|
|
Pitching: RHP John Bialon
|
|
|
Batting: RHB Josh Zoglmann
|
0-0: Called Strike 0-1: Ball 1-1: Ground out 4-3 (Groundball, 4, EV 98.8 MPH)
|
| Top of the 3rd over - 4 runs, 4 hits, 0 errors, 2 left on base; Minnesota 5 - Texas 0 |
| BOTTOM OF THE 3RD |
|
Texas Rangers batting - Pitching for Minnesota Twins : RHP Jesus Fernandez
|
|
Batting: RHB Zhao-ji Chi
|
0-0: Swinging Strike 0-1: DOUBLE (Line Drive, 89D, EV 102.5 MPH)
|
|
Batting: LHB Da Vo
|
0-0: Called Strike 0-1: Called Strike 0-2: Ball 1-2: Foul Ball, location: 2F 1-2: Strikes out swinging, 2-3 out at first.
|
|
Batting: RHB David Casas
|
0-0: Ball 1-0: Ball 2-0: Ball 3-0: Base on Balls
|
|
Batting: SHB Jun Tsuda
|
0-0: Called Strike 0-1: Foul Ball, location: 2F 0-2: Strikes out swinging
|
|
Batting: SHB John Giesbrecht
|
0-0: Ball 1-0: Ball 2-0: Ground out 4-3 (Groundball, 34D, EV 81.2 MPH)
|
| Bottom of the 3rd over - 0 runs, 1 hit, 0 errors, 2 left on base; Minnesota 5 - Texas 0 |
| TOP OF THE 4TH |
|
Minnesota Twins batting - Pitching for Texas Rangers : RHP John Bialon
|
|
Batting: RHB Yonetoshi Muranaka
|
0-0: Ball 1-0: Foul Ball, location: 2F 1-1: Ball 2-1: Foul Ball, location: 2F 2-2: Foul Ball, location: 2F 2-2: Fly out, F8 (Flyball, 8LD, EV 105.0 MPH)
|
|
Batting: LHB Sadamu Noguchi
|
0-0: Ball 1-0: Called Strike 1-1: Swinging Strike 1-2: Strikes out looking
|
|
Batting: LHB Joel Kunkler
|
0-0: Foul Ball, location: 2F 0-1: Swinging Strike 0-2: Ball 1-2: Ball 2-2: Ball 3-2: Foul Ball, location: 2F 3-2: SINGLE (Groundball, 56D, EV 105.6 MPH)
|
|
Batting: RHB Jesus Chavez
|
0-0: Called Strike 0-1: Foul Ball, location: 2F 0-2: Ground out 4-3 (Groundball, 4MS, EV 83.1 MPH)
|
| Top of the 4th over - 0 runs, 1 hit, 0 errors, 1 left on base; Minnesota 5 - Texas 0 |
| BOTTOM OF THE 4TH |
|
Texas Rangers batting - Pitching for Minnesota Twins : RHP Jesus Fernandez
|
|
Batting: RHB Rich Stinson
|
0-0: Foul Ball, location: 2F 0-1: Ball 1-1: Foul Ball, location: 2F 1-2: Ball 2-2: Foul Ball, location: 2F 2-2: Ball 3-2: Foul Ball, location: 2F 3-2: Base on Balls
|
|
Batting: RHB Bert Clark
|
0-0: Ball 1-0: Called Strike 1-1: Called Strike 1-2: Grounds into double play, 6-4-3 (Groundball, 6M, EV 108.8 MPH)
|
|
Batting: SHB Vince Ealy
|
0-0: Called Strike 0-1: Swinging Strike 0-2: Strikes out swinging
|
| Bottom of the 4th over - 0 runs, 0 hits, 0 errors, 0 left on base; Minnesota 5 - Texas 0 |
| TOP OF THE 5TH |
|
Minnesota Twins batting - Pitching for Texas Rangers : RHP John Bialon
|
|
Batting: SHB Buster Hyman
|
0-0: Ball 1-0: Foul Ball, location: 2F 1-1: Foul Ball, location: 2F 1-2: Foul Ball, location: 2F 1-2: Strikes out swinging
|
|
Batting: RHB José Molina
|
0-0: Ball 1-0: SOLO HOME RUN (Flyball, 7D, EV 100.6 MPH), Distance : 375 ft
|
|
Batting: RHB Väinö Tapaninen
|
0-0: Ball 1-0: Called Strike 1-1: Swinging Strike 1-2: Strikes out swinging
|
|
Batting: RHB Vinny Luna
|
0-0: Fly out, F9 (Flyball, 9S, EV 75.6 MPH)
|
| Top of the 5th over - 1 run, 1 hit, 0 errors, 0 left on base; Minnesota 6 - Texas 0 |
| BOTTOM OF THE 5TH |
|
Texas Rangers batting - Pitching for Minnesota Twins : RHP Jesus Fernandez
|
|
Pitching: RHP Riley Pooley
|
|
|
Batting: RHB Edwin Madrid
|
0-0: SINGLE (Groundball, 6M, EV 87.5 MPH) (infield hit)
|
|
Batting: RHB Zhao-ji Chi
|
0-0: Grounds into double play, 4-6-3 (Groundball, 4, EV 106.9 MPH)
|
|
Batting: LHB Da Vo
|
0-0: Ball 1-0: Called Strike 1-1: Called Strike 1-2: SINGLE (Line Drive, 9S, EV 93.8 MPH)
|
|
Batting: RHB David Casas
|
0-0: Called Strike Da Vo is caught stealing 2nd base 2-4
|
| Bottom of the 5th over - 0 runs, 2 hits, 0 errors, 0 left on base; Minnesota 6 - Texas 0 |
| TOP OF THE 6TH |
|
Minnesota Twins batting - Pitching for Texas Rangers : RHP John Bialon
|
|
Batting: RHB Josh Zoglmann
|
0-0: Ball 1-0: Fly out, F4 (Popup, 4, EV 68.8 MPH)
|
|
Batting: RHB Yonetoshi Muranaka
|
0-0: Called Strike 0-1: Ground out 4-3 (Groundball, 4M, EV 94.4 MPH)
|
|
Batting: LHB Sadamu Noguchi
|
0-0: Ground out U3 (Groundball, 34S, EV 65.0 MPH)
|
| Top of the 6th over - 0 runs, 0 hits, 0 errors, 0 left on base; Minnesota 6 - Texas 0 |
| BOTTOM OF THE 6TH |
|
Texas Rangers batting - Pitching for Minnesota Twins : RHP Riley Pooley
|
|
Batting: RHB David Casas
|
0-0: Called Strike 0-1: Foul Ball, location: 2F 0-2: Ball 1-2: SINGLE (Line Drive, 9LS, EV 93.1 MPH)
|
|
Batting: SHB Jun Tsuda
|
0-0: Called Strike 0-1: Called Strike 0-2: Ball 1-2: Ball 2-2: Ground out 5-3 (Groundball, 5, EV 100.6 MPH) David Casas to second
|
|
Batting: SHB John Giesbrecht
|
0-0: Called Strike 0-1: Called Strike 0-2: Ball 1-2: 2-RUN HOME RUN (Flyball, 7D, EV 96.2 MPH), Distance : 366 ft
|
|
Batting: RHB Rich Stinson
|
0-0: Ball 1-0: Foul Ball, location: 2F 1-1: Ball 2-1: Fly out, F3 (Flyball, 3D, EV 93.1 MPH)
|
|
Batting: RHB Bert Clark
|
0-0: Ball 1-0: SINGLE (Groundball, 6MS, EV 56.9 MPH) (infield hit)
|
|
Batting: SHB Vince Ealy
|
0-0: Ball 1-0: Called Strike Bert Clark steals 2nd base 1-1: Ball 2-1: Ground out 4-3 (Groundball, 34, EV 78.1 MPH)
|
| Bottom of the 6th over - 2 runs, 3 hits, 0 errors, 1 left on base; Minnesota 6 - Texas 2 |
| TOP OF THE 7TH |
|
Minnesota Twins batting - Pitching for Texas Rangers : RHP John Bialon
|
|
Pitching: LHP Wayne Perry
|
|
|
Batting: LHB Joel Kunkler
|
0-0: Fly out, F6 (Flyball, 56D, EV 73.8 MPH)
|
|
Batting: RHB Jesus Chavez
|
0-0: Ground out 5-3 (Groundball, 5S, EV 94.4 MPH)
|
|
Batting: SHB Buster Hyman
|
0-0: Ball 1-0: Swinging Strike 1-1: Ball 2-1: Ball 3-1: Base on Balls
|
|
Batting: RHB José Molina
|
0-0: Ball 1-0: Ball 2-0: Swinging Strike 2-1: Ball 3-1: Called Strike 3-2: Foul Ball, location: 2F 3-2: Foul Ball, location: 2F 3-2: Strikes out looking
|
| Top of the 7th over - 0 runs, 0 hits, 0 errors, 1 left on base; Minnesota 6 - Texas 2 |
| BOTTOM OF THE 7TH |
|
Texas Rangers batting - Pitching for Minnesota Twins : RHP Riley Pooley
|
|
Pitching: RHP Oscar Zuniga
|
|
|
Batting: RHB Edwin Madrid
|
0-0: Called Strike 0-1: Ball 1-1: SOLO HOME RUN (Flyball, 9LD, EV 91.9 MPH), Distance : 344 ft
|
|
Batting: RHB Zhao-ji Chi
|
0-0: Swinging Strike 0-1: Ground out 5-3 (Groundball, 56, EV 90.6 MPH)
|
|
Batting: LHB Da Vo
|
0-0: Ball 1-0: Called Strike 1-1: Ball 2-1: Ball 3-1: Base on Balls
|
|
Batting: RHB David Casas
|
0-0: Ball 1-0: Fielders Choice at 2nd, 3-6 (Groundball, 3, EV 98.8 MPH)
|
|
Batting: SHB Jun Tsuda
|
0-0: Foul Ball, location: 2F 0-1: Ball 1-1: Called Strike 1-2: Foul Ball, location: 2F 1-2: Foul Ball, location: 2F 1-2: Foul Ball, location: 2F 1-2: Ball 2-2: SINGLE (Groundball, 34S, EV 65.6 MPH) (infield hit) David Casas to second
|
|
Pitching: RHP Luis Sanchez
|
|
|
Batting: SHB John Giesbrecht
|
0-0: Called Strike 0-1: Ball 1-1: SINGLE (Groundball, P, EV 93.8 MPH) (infield hit) David Casas to third Jun Tsuda to second
|
|
Batting: RHB Rich Stinson
|
0-0: Ball 1-0: Ball 2-0: Called Strike 2-1: Fielders Choice at 2nd, 6-4 (Groundball, 6, EV 86.2 MPH)
|
| Bottom of the 7th over - 1 run, 3 hits, 0 errors, 3 left on base; Minnesota 6 - Texas 3 |
| TOP OF THE 8TH |
|
Minnesota Twins batting - Pitching for Texas Rangers : LHP Wayne Perry
|
|
Batting: RHB Väinö Tapaninen
|
0-0: Called Strike 0-1: Foul Ball, location: 2F 0-2: Strikes out looking
|
|
Batting: RHB Vinny Luna
|
0-0: Foul Ball, location: 2F 0-1: Ball 1-1: Ball 2-1: Ball 3-1: Base on Balls
|
|
Batting: RHB Josh Zoglmann
|
0-0: Ball 1-0: Ball 2-0: Called Strike 2-1: Swinging Strike 2-2: Foul Ball, location: 2F 2-2: Ball 3-2: Strikes out swinging
|
|
Batting: RHB Yonetoshi Muranaka
|
0-0: Fly out, F6 (Popup, 6M, EV 59.4 MPH)
|
| Top of the 8th over - 0 runs, 0 hits, 0 errors, 1 left on base; Minnesota 6 - Texas 3 |
| BOTTOM OF THE 8TH |
|
Texas Rangers batting - Pitching for Minnesota Twins : RHP Luis Sanchez
|
|
Pitching: RHP T.J. Hirst
|
|
|
Batting: RHB Bert Clark
|
0-0: Fly out, F4 (Popup, 3S, EV 85.6 MPH)
|
|
Batting: SHB Vince Ealy
|
0-0: SINGLE (Line Drive, 89S, EV 94.4 MPH)
|
|
Batting: RHB Edwin Madrid
|
0-0: Called Strike 0-1: Ball 1-1: Ball 2-1: Swinging Strike 2-2: DOUBLE (Line Drive, 5D, EV 95.0 MPH) Vince Ealy to third
|
|
Pinch Hitting: LHB Cody Schumacher
|
0-0: SINGLE (Groundball, 4MD, EV 100.6 MPH) Vince Ealy scores Edwin Madrid to third Runner from 3rd tries for Home, SAFE, throw by CF to home
|
|
Batting: LHB Da Vo
|
0-0: Ground out 4-3 (Groundball, 4M, EV 102.5 MPH) Cody Schumacher to second
|
|
Batting: RHB David Casas
|
0-0: Ball 1-0: SINGLE (Groundball, 6D, EV 109.4 MPH) Cody Schumacher to third Runner from 3rd tries for Home, SAFE, throw by LF to home
|
|
Pitching: RHP Freddie Trainor
|
|
|
Batting: SHB Jun Tsuda
|
0-0: Ground out 6-3 (Groundball, 4S, EV 95.0 MPH)
|
| Bottom of the 8th over - 3 runs, 4 hits, 0 errors, 1 left on base; Minnesota 6 - Texas 6 |
| TOP OF THE 9TH |
|
Minnesota Twins batting - Pitching for Texas Rangers : LHP Wayne Perry
|
|
Pitching: RHP Brad Kramer
|
|
|
Now in CF: Cody Schumacher
|
|
|
Batting: LHB Sadamu Noguchi
|
0-0: Called Strike 0-1: Ball 1-1: Swinging Strike 1-2: Ball 2-2: Foul Ball, location: 2F 2-2: Ground out 4-3 (Groundball, 4, EV 81.2 MPH)
|
|
Batting: LHB Joel Kunkler
|
0-0: Called Strike 0-1: Ball 1-1: Ball 2-1: Ball 3-1: Base on Balls
|
|
Batting: RHB Jesus Chavez
|
0-0: Called Strike 0-1: Called Strike 0-2: Ball 1-2: SINGLE (Line Drive, 8RS, EV 100.0 MPH) Joel Kunkler to second
|
|
Pinch Runner at 2nd Gerardo Flores:
|
|
|
Batting: SHB Buster Hyman
|
0-0: Called Strike 0-1: Ball 1-1: Called Strike 1-2: Ball 2-2: Foul Ball, location: 2F 2-2: Foul Ball, location: 2F 2-2: SINGLE (Groundball, 6S, EV 67.5 MPH) (infield hit) Gerardo Flores to third Jesus Chavez to second
|
|
Batting: RHB José Molina
|
0-0: Ball 1-0: Foul Ball, location: 2F 1-1: Called Strike 1-2: Ball 2-2: Strikes out looking
|
|
Batting: RHB Väinö Tapaninen
|
0-0: Ball 1-0: Called Strike 1-1: Ball 2-1: Called Strike 2-2: Strikes out swinging
|
| Top of the 9th over - 0 runs, 2 hits, 0 errors, 3 left on base; Minnesota 6 - Texas 6 |
| BOTTOM OF THE 9TH |
|
Texas Rangers batting - Pitching for Minnesota Twins : RHP Freddie Trainor
|
|
Pitching: RHP Mario Arce
|
|
|
Now at 2B: Brett Steele
|
|
|
Now at 3B: Josh Zoglmann
|
|
|
Batting: SHB John Giesbrecht
|
0-0: Ball 1-0: Ground out 3-1 (Groundball, 34, EV 81.2 MPH)
|
|
Batting: RHB Rich Stinson
|
0-0: Ball 1-0: Swinging Strike 1-1: Swinging Strike 1-2: Ball 2-2: Foul Ball, location: 2F 2-2: Strikes out looking
|
|
Batting: RHB Bert Clark
|
0-0: Foul Ball, location: 2F 0-1: Ball 1-1: Ball 2-1: DOUBLE (Line Drive, 7LM, EV 108.1 MPH)
|
|
Batting: SHB Vince Ealy
|
0-0: Ball 1-0: Ball 2-0: Ball 3-0: Called Strike 3-1: Base on Balls
|
|
Batting: RHB Edwin Madrid
|
0-0: Foul Ball, location: 2F 0-1: Foul Ball, location: 2F 0-2: Foul Ball, location: 2F 0-2: Foul Ball, location: 2F 0-2: SINGLE (Groundball, 56D, EV 104.4 MPH) Bert Clark to third Vince Ealy to second Runner from 3rd tries for Home, SAFE, throw by LF to home
|
| Bottom of the 9th over - 1 run, 2 hits, 0 errors, 0 left on base; Minnesota 6 - Texas 7 |
| |
|
Game Over ... Texas defeats Minnesota, 7 to 6
|
|
|